 Dungeon Crawl Stone Soup version 0.32-a0-136-gc02482bde3 (webtiles) character file.

Game seed: 2346728402658268062

46 cforsyth the Magician (level 3, -4/29 HPs)
             Began as a Djinni Hexslinger on Feb 10, 2024.
             Slain by Natasha (8 damage)
             ... on level 2 of the Dungeon.
             The game lasted 00:01:39 (880 turns).

cforsyth the Magician (Djinni Hexslinger)            Turns: 880, Time: 00:01:40

Health: -4/29      AC:  2    Str:  7    XL:     3   Next: 92%
Gold:   69         EV: 12    Int: 16    God:
                   SH:  0    Dex: 15

rFire   + + .        a - +1 sling
rCold   x . .        (no shield)
rNeg    . . .        c - +0 robe
rPois   ∞            (no helmet)
rElec   .            (no cloak)
rCorr   .            (no gloves)
SInv    .            (boots unavailable)
Will    .....        (no amulet)
Stlth   +            (no ring)
HPRegen 0.24/turn    (no ring)
MPRegen 0.00/turn

%: infuse magic (-5 HP)
@: flying
A: sickness immunity, fire resistance 2, cold vulnerability 1, float, innate
caster, HP casting, extra vitality 1
a: no special abilities


You were on level 2 of the Dungeon.
You visited 1 branch of the dungeon, and saw 2 of its levels.

You collected 69 gold pieces.


Innate Abilities, Weirdness & Mutations

You are immune to sickness and miasma.
You are immune to poison.
Your flesh is very heat resistant. (rF++)
You are vulnerable to cold. (rC-)
You float through the air rather than walking.
You learn spells naturally, not from books.
Your magical power is your life essence.
You have superior vitality. (+4 MHP)


   Skills:
 + Level 2.5 Fighting
 - Level 1.5 Ranged Weapons
 - Level 2.1 Dodging
 + Level 3.2 Spellcasting
 + Level 3.2 Conjurations
 + Level 3.2 Hexes
 + Level 3.2 Summonings
 + Level 3.2 Necromancy
 + Level 3.2 Translocations
 + Level 3.2 Fire Magic
 + Level 3.2 Ice Magic
 + Level 3.2 Air Magic
 + Level 3.2 Earth Magic
 + Level 3.2 Alchemy


You knew the following spells:

 Your Spells              Type           Power      Damage    Failure   Level
c - Cause Fear            Hex            6%         N/A       43%         4
f - Inner Flame           Hex/Fire       13%        N/A       14%         3
z - Sandblast             Erth           26%        2d8       4%          1
X - Jinxbite              Hex            26%        N/A       8%          2
Y - Sigil of Binding      Hex            13%        N/A       14%         3
Z - Dimensional Bullseye  Hex/Tloc       6%         N/A       43%         4
Your spell library was empty.

Inventory:

Hand Weapons
 a - a +1 sling (weapon)
Armour
 c - a +0 robe (worn)
Scrolls
 b - a scroll of poison
 e - a scroll of vulnerability {unknown}
 f - a scroll of immolation {unknown}
 g - a scroll of fog {unknown}
 j - a scroll of teleportation {unknown}
 k - a scroll of identify {unknown}
Potions
 d - a potion of might {unknown}
 h - a potion of lignification {unknown}
 i - a potion of curing {unknown}

Dungeon Overview and Level Annotations

Branches:
Dungeon (2/15)

Altars:

Annotations:
D:2 Natasha

### ## #.. .# #.#
.###### ##
#.######......#
##.####......@.5#
#.#........###h.#
#....#..#........#
#####.......#####..#.#
.........#..#####..# #
#######.##.........#
#.###......... #.#
########## ##'##


You could see Natasha and a cerulean imp (summoned).


Message History

You shoot a sling bullet.
The sling bullet closely misses Natasha.
Natasha stares at you and mumbles some strange words.
The magic dart hits you.
You shoot a sling bullet. The sling bullet barely misses Natasha.
Natasha closely misses you. Natasha claws you.
* * * LOW HITPOINT WARNING * * *
You shoot a sling bullet.
The sling bullet hits Natasha but does no damage.
Natasha is heavily wounded.
Natasha barely misses you.
You shoot a sling bullet.
The sling bullet closely misses Natasha.
Natasha stares at you and mumbles some strange words.
The magic dart hits you!
* * * LOW HITPOINT WARNING * * *
You shoot a sling bullet. The sling bullet barely misses Natasha.
Natasha closely misses you.
You shoot a sling bullet. The sling bullet hits Natasha.
Natasha is severely wounded.
Natasha barely misses you. Natasha misses you.
Unknown command.
You shoot a sling bullet. The sling bullet hits Natasha.
Natasha is almost dead.
Natasha mumbles some strange words.
Unknown command.
You shoot a sling bullet. The sling bullet barely misses Natasha.
Natasha claws you!
You die...
Natasha begins licking her fur clean.

Skill      XL: |  1  2 |
---------------+-------+-----
Spellcasting   | 3 |  3.2
Conjurations   | 3 |  3.2
Hexes          | 3 |  3.2
Summonings     | 3 |  3.2
Necromancy     | 3 |  3.2
Translocations | 3 |  3.2
Fire Magic     | 3 |  3.2
Ice Magic      | 3 |  3.2
Air Magic      | 3 |  3.2
Earth Magic    | 3 |  3.2
Alchemy        | 3 |  3.2
Fighting       | 2 |  2.5
Ranged Weapons | |  1.5
Dodging        | |  2.1

Action                     || total
---------------------------++-------
   Fire: Sling             ||    69
 Armour: Robe              ||    19
  Dodge: Dodged            ||    28

Levels and vault maps discovered:
D:1:      minmay_arrival_stair_chambers, layout_loops_ring
D:2:      layout_loops_corners, kennysheep_generic_room_14, uniq_sigmund,
          uniq_jessica, uniq_natasha

Notes
Turn   | Place    | Note
-------+----------+-------------------------------------------
     0 | D:1      | cforsyth the Djinni Hexslinger began the quest for the Orb.
     0 | D:1      | cforsyth set off with the following spells memorised:
                  | Jinxbite, Sigil of Binding, Inner Flame, Cause Fear,
                  | Dimensional Bullseye.
     0 | D:1      | Reached XP level 1. HP: 17/17 MP: 0/0
   276 | D:1      | Reached XP level 2. HP: 10/22 MP: 0/0
   408 | D:1      | Reached skill level 3 in Spellcasting
   408 | D:1      | Reached skill level 3 in Conjurations
   408 | D:1      | Reached skill level 3 in Hexes
   408 | D:1      | Reached skill level 3 in Summonings
   408 | D:1      | Reached skill level 3 in Necromancy
   408 | D:1      | Reached skill level 3 in Translocations
   408 | D:1      | Reached skill level 3 in Fire Magic
   408 | D:1      | Reached skill level 3 in Ice Magic
   408 | D:1      | Reached skill level 3 in Air Magic
   408 | D:1      | Reached skill level 3 in Earth Magic
   408 | D:1      | Reached skill level 3 in Alchemy
   732 | D:2      | Noticed Jessica
   740 | D:2      | Killed Jessica
   741 | D:2      | Reached skill level 2 in Fighting
   741 | D:2      | Reached XP level 3. HP: 22/29 MP: 0/0
   741 | D:2      | Learned a level 1 spell: Sandblast
   865 | D:2      | Noticed Natasha
   880 | D:2      | Slain by Natasha

Vanquished Creatures
  Jessica (D:2)
  A dart slug (D:1)
  3 bats (D:1)
  An endoplasm (D:1)
  A giant cockroach (D:2)
  A goblin (D:1)
  A hobgoblin (D:1)
  2 kobolds (D:1)
  A quokka (D:1)
  3 ball pythons (D:1)
  A frilled lizard (D:1)
  A rat (D:1)
17 creatures vanquished.

Table legend: (Time is in decaauts)
 A = Elapsed time spent in this place.
 B = Non-inter-level travel time spent in this place.
 C = Inter-level travel time spent in this place.
 D = Time resting spent in this place.
 E = Time spent auto-exploring this place.
 F = Levels seen in this place.
 G = Mean time per level.
                   A        B        C        D        E       F      G
               +--------+--------+--------+--------+--------+-----+--------+
         Total |    906 |    869 |     37 |      0 |    721 |   2 |  453.0 |
       Dungeon |    906 |    869 |     37 |      0 |    721 |   2 |  453.0 |
               +--------+--------+--------+--------+--------+-----+--------+

Top non-repeatable levels by time:
     D:1: 736 daAuts
     D:2: 169 daAuts

Table legend:
 A = Non-vault XP
 B = Vault XP
 C = Vault XP percentage of total XP
 D = Non-vault monster count
 E = Vault monster count
 F = Vault count percentage of total count
                 A         B        C        D         E       F
            +---------+---------+-------+---------+---------+-------
      Total |      29 |      37 |  56.1 |      16 |       1 |   5.9
            +---------+---------+-------+---------+---------+-------
        D:1 |      27 |       0 |   0.0 |      15 |       0 |   0.0
        D:2 |       2 |      37 |  94.9 |       1 |       1 |  50.0
            +---------+---------+-------+---------+---------+-------
